 Dungeon Crawl Stone Soup version 0.28-a0-906-g0406aca7d3 (webtiles) character file.

Game seed: 6969658725913146153

714 Crownlay the Digger (level 7, -5/36 HPs)
             Began as a Gargoyle Earth Elementalist on Nov 23, 2021.
             Slain by a wyvern zombie (13 damage)
             ... on level 5 of the Dungeon.
             The game lasted 00:09:14 (5912 turns).

Crownlay the Digger (Gargoyle Earth Elementalist)   Turns: 5912, Time: 00:09:15

Health: -5/36      AC:  7    Str: 12    XL:     7   Next: 69%
Magic:  1/15       EV: 11    Int: 17    God:
Gold:   1079       SH:  4    Dex: 10    Spells: 13/17 levels left

rFire   . . .      SeeInvis +   q - +0 falchion
rCold   . . .      Faith    .   j - +0 buckler
rNeg    + . .      Spirit   .   b - +0 robe
rPois   ∞          Reflect  .   (no helmet)
rElec   +          Harm     .   o - +0 cloak
rCorr   .          Rampage  .   (no gloves)
Will    ++...                   (no boots)
Stlth   ++........              (no amulet)
HPRegen 0.12/turn               g - ring of Fasox {Will++ SInv}
MPRegen 0.14/turn               (no ring)

@: no status effects
A: sickness immunity, AC +4, negative energy resistance 1, electricity
resistance, torment resistance 1, petrification resistance
a: no special abilities


You were on level 5 of the Dungeon.
You visited 1 branch of the dungeon, and saw 5 of its levels.

You collected 1079 gold pieces.

Inventory:

Hand Weapons
 q - a +0 falchion (weapon)
Armour
 b - a +0 robe (worn)
 c - a +2 kite shield of reflection
 j - a +0 buckler (worn)
 l - a +2 leather armour of fire resistance
 o - a +0 cloak (worn)
Jewellery
 g - the ring of Fasox (left hand) {Will++ SInv}
   (You acquired it on level 4 of the Dungeon)

   [ring of see invisible]

   SInv:      It lets you see invisible.
   Will:      It greatly increases your willpower.
Scrolls
 h - 2 scrolls of noise {unknown}
 k - a scroll of enchant armour {unknown}
 n - a scroll of immolation {unknown}
Potions
 a - 2 potions of lignification {unknown}
 d - a potion of curing
 f - 2 potions of heal wounds {unknown}
 i - a potion of mutation {unknown}
 m - a potion of degeneration {unknown}
 p - a potion of attraction {unknown}


   Skills:
 - Level 1.5 Dodging
 - Level 2.1 Stealth
 - Level 4.0 Shields
 * Level 5.7 Spellcasting
 - Level 0.7 Transmutations
 + Level 6.1 Earth Magic


You had 13 spell levels left.
You knew the following spells:

 Your Spells              Type           Power      Damage    Failure   Level
a - Sandblast             Erth           50%        2d12      1%          1
b - Stone Arrow           Conj/Erth      30%        3d8       11%         3

Your spell library contained the following spells:

 Spells                   Type           Power      Damage    Failure   Level
 Passwall                 Tmut/Erth      13%        N/A       4%          2
 Foxfire                  Conj/Fire      16%        2x1d4     13%         1
 Petrify                  Tmut/Erth      16%        N/A       32%         4
 Conjure Flame            Conj/Fire      4%         6-21      36%         3
 Dazzling Flash           Conj/Hex       8%         N/A       36%         3
 Inner Flame              Hex/Fire       4%         N/A       36%         3
 Flame Wave               Conj/Fire      4%         3d3       78%         4
 Agony                    Necr           4%         N/A       98%         5
 Silence                  Hex/Air        2%         N/A       98%         5


Dungeon Overview and Level Annotations

Branches:
Dungeon (5/15)
 Temple: D:4-7

Altars:


Innate Abilities, Weirdness & Mutations

You are immune to sickness and miasma.
Your stone body is resilient. (AC +4)
You are immune to poison.
You resist negative energy. (rN+)
You are resistant to electric shocks. (rElec)
You are resistant to unholy torment.
You are immune to petrification.


Message History

The wyvern zombie is moderately damaged.
The wyvern zombie closely misses you. You block the wyvern zombie's attack.
You barely miss the wyvern zombie.
The wyvern zombie is moderately damaged.
The wyvern zombie bites you.
You hit the wyvern zombie.
The wyvern zombie is heavily damaged.
The wyvern zombie bites you! The wyvern zombie misses you.
You hit the wyvern zombie but do no damage.
The wyvern zombie is heavily damaged.
You block the wyvern zombie's attack.
The wyvern zombie bites you but does no damage.
Casting: Stone Arrow (quite dangerous; 11% risk of failure)
Confirm with . or Enter, or press ? or * to list all spells.
The spell is quite dangerous to cast (11% risk of failure)!
Continue anyway?
Aiming: Stone Arrow (quite dangerous; 11% risk of failure)
Press: ? - help, Shift-Dir - straight line, f/p - wyvern zombie
Aim: a wyvern zombie (heavily damaged, 89% to hit)
The stone arrow hits the wyvern zombie!
The wyvern zombie is severely damaged.
The wyvern zombie bites you.
You are too injured to fight recklessly!
You are too injured to fight recklessly!
You are too injured to fight recklessly!
You are too injured to fight recklessly!
You are too injured to fight recklessly!
You are too injured to fight recklessly!
You are too injured to fight recklessly!
You barely miss the wyvern zombie.
The wyvern zombie is severely damaged.
The wyvern zombie closely misses you.
The wyvern zombie completely misses you.
You hit the wyvern zombie.
The wyvern zombie is almost destroyed.
The wyvern zombie bites you! The wyvern zombie bites you.
* * * LOW HITPOINT WARNING * * *
You hit the wyvern zombie but do no damage.
The wyvern zombie is almost destroyed.
The wyvern zombie bites you!
You die...

#.......##
....#....# .
#..# ####.. #.
###...# ### ...
....#
....#####.(#
...........##.#.
#.....)Z.....≈≈
....###@.....≈≈≈
.# #.####≈≈##
..# ≈# .### # ..
##


You could see a wyvern zombie.

Vanquished Creatures
  Menkaure (D:4)
  An ogre (D:5)
  2 phantoms (D:4)
  A scorpion (D:4)
  A centaur zombie (D:5)
  2 jellies (D:4)
  2 hound skeletons (D:4)
  4 gnolls
  5 adders
  2 worms
  A dart slug (D:4)
  9 bats
  7 endoplasms
  2 giant cockroaches
  6 goblins
  7 hobgoblins
  13 jackals
  3 quokkas
  8 ball pythons
  2 frilled lizards (D:2)
  4 kobolds
  8 rats
91 creatures vanquished.

Notes
Turn   | Place    | Note
-------+----------+-------------------------------------------
     0 | D:1      | Crownlay the Gargoyle Earth Elementalist began the quest
                  | for the Orb.
     0 | D:1      | Reached XP level 1. HP: 10/10 MP: 3/3
   198 | D:1      | Reached XP level 2. HP: 15/15 MP: 3/5
   552 | D:1      | Reached skill level 4 in Earth Magic
  1095 | D:2      | Reached XP level 3. HP: 8/19 MP: 5/7
  1102 | D:2      | Learned a level 3 spell: Stone Arrow
  1885 | D:2      | Reached XP level 4. HP: 16/24 MP: 9/9
  2627 | D:3      | Reached skill level 1 in Shields
  3691 | D:4      | Noticed a scorpion
  3700 | D:4      | Killed a scorpion
  3701 | D:4      | Reached XP level 5. HP: 25/28 MP: 2/10
  3786 | D:4      | Noticed Menkaure
  3796 | D:4      | Killed Menkaure
  3797 | D:4      | Reached XP level 6. HP: 29/32 MP: 3/12
  4134 | D:4      | Reached skill level 5 in Earth Magic
  4811 | D:4      | Reached XP level 7. HP: 34/36 MP: 14/14
  5165 | D:5      | Entered Level 5 of the Dungeon
  5183 | D:4      | HP: 1/36 [phantom (3)]
  5191 | D:4      | Reached skill level 5 in Spellcasting
  5453 | D:4      | Identified 3 scrolls of acquirement
  5453 | D:4      | Acquired a +2 kite shield of reflection
  5454 | D:4      | Acquired 858 gold pieces
  5455 | D:4      | Acquired the ring of Fasox {Will++ SInv}
  5608 | D:4      | Reached skill level 6 in Earth Magic
  5912 | D:5      | Slain by a wyvern zombie

Illustrated notes

Levels and vault maps discovered:
D:1:      dpeg_arrival_rooms_with_view, layout_loops_cross, nrook_mini_vaults,
          chequers_serial_rivers_small_b, chequers_serial_rivers_marsh
D:2:      layout_basic, st_stairs_14
D:3:      cheibrodos_helix_gallery, layout_basic
D:4:      layout_loops_ring, uniq_menkaure
D:5:      layout_rooms, nemelex_xobeh_ov_fountains_minmay, water_boxes_lemuel

Skill      XL: |  1  2  3  4  5  6  7 |
---------------+----------------------+-----
Earth Magic    | 4 5 6 |  6.1
Spellcasting   | 3 4 5 |  5.7
Shields        | 3 4 |  4.0
Dodging        | |  1.5
Stealth        | |  2.1
Transmutations | |  0.7

Action                   |  1- 3 |  4- 6 |  7- 9 || total
-------------------------+-------+-------+-------++-------
Melee: Club              |    82 |   219 |    30 ||   331
       Unarmed           |     2 |       |       ||     2
       Falchion          |       |       |     8 ||     8
 Cast: Sandblast         |    34 |    45 |     4 ||    83
       Stone Arrow       |       |       |    19 ||    19
  Use: Scroll            |       |       |     3 ||     3
       Potion            |       |       |     2 ||     2
 Stab: Sleeping          |     2 |     2 |       ||     4
Armor: Robe              |    64 |   138 |    15 ||   217
Dodge: Dodged            |    82 |   197 |    37 ||   316
Block: Buckler           |       |    60 |    18 ||    78

Table legend: (Time is in decaauts)
 A = Elapsed time spent in this place.
 B = Non-inter-level travel time spent in this place.
 C = Inter-level travel time spent in this place.
 D = Time resting spent in this place.
 E = Time spent auto-exploring this place.
 F = Levels seen in this place.
 G = Mean time per level.
                   A        B        C        D        E       F      G
               +--------+--------+--------+--------+--------+-----+--------+
         Total |   6024 |   5860 |    164 |      0 |   4969 |   5 | 1204.8 |
       Dungeon |   6024 |   5860 |    164 |      0 |   4969 |   5 | 1204.8 |
               +--------+--------+--------+--------+--------+-----+--------+

Top non-repeatable levels by time:
     D:4: 2197 daAuts
     D:2: 1451 daAuts
     D:3: 1217 daAuts
     D:1: 1096 daAuts
     D:5: 61 daAuts
